 Dungeon Crawl Stone Soup version 0.24-a0-174-g1e70621 (webtiles) character file.

Game seed: 15392069073694453891

31 TheGoonsmith the Poker (level 3, -1/28 HPs)
             Began as a Merfolk Gladiator on Mar 12, 2019.
             Killed from afar by Sigmund (9 damage)
             ... with a magic dart
             ... on level 2 of the Dungeon.
             The game lasted 00:01:44 (690 turns).

TheGoonsmith the Poker (Merfolk Gladiator)           Turns: 690, Time: 00:01:45

Health: -1/28      AC:  6    Str: 12 (14) XL:     3   Next: 22%
Magic:  3/3        EV: 14    Int:  6 (7)  God:
Gold:   41         SH:  0    Dex: 15 (16) Spells: 2/2 levels left

rFire    . . .     SeeInvis .   a - +0 trident
rCold    . . .     Gourm    .   (no shield)
rNeg     . . .     Faith    .   b - +0 leather armour
rPois    .         Spirit   .   c - +0 helmet
rElec    .         Reflect  .   g - +1 cloak
rCorr    .         Harm     .   (no gloves)
MR       .....                  (no boots)
Stlth    +.........             (no amulet)
HPRegen  0.09/turn              (no ring)
MPRegen  0.08/turn              (no ring)

@: no status effects
A: change form in water, swift swim, stealthy swim
a: no special abilities


You were on level 2 of the Dungeon.
You were not hungry.

You visited 1 branch of the dungeon, and saw 2 of its levels.

You collected 41 gold pieces.

Inventory:

Hand Weapons
 a - a +0 trident (weapon)
Missiles
 d - 3 throwing nets (quivered)
Armour
 b - a +0 leather armour (worn)
 c - a +0 helmet (worn)
 g - a +1 cloak (worn)
Jewellery
 l - an uncursed ring of protection from magic {unknown}
Scrolls
 h - a scroll of amnesia {unknown}
 j - a scroll of identify {unknown}
 k - a scroll of magic mapping {unknown}
Comestibles
 f - 3 rations


   Skills:
 + Level 2.7 Fighting
 * Level 5.4 Polearms
 - Level 2.0 Throwing
 + Level 4.4 Dodging


You had 2 spell levels left.
You didn't know any spells.
Your spell library was empty.

Dungeon Overview and Level Annotations

Branches:
Dungeon (2/15)

Altars:

Annotations:
D:2 Natasha, Sigmund


Message History

Press: ? - help, Dir - move target cursor, f/p - Sigmund
Aim: Sigmund, wielding a +0 scythe and wearing a +0 robe (heavily wounded)
You reach to attack!
You barely miss Sigmund.
Sigmund is heavily wounded.
Sigmund hits you from afar with a +0 scythe!
* * * LOW HITPOINT WARNING * * *
You are too injured to fight recklessly!
You aren't carrying any potions.
As you read the scroll labeled SOSAZE OWEZEAMYCZE, it crumbles to dust.
The scroll dissolves into smoke.
It was a scroll of fog.
Sigmund mumbles some strange words.
Sigmund flickers and vanishes!
Deactivating autopickup; reactivate with Ctrl-A.
A puff of flame appears from out of thin air!
The puff of flame hits you.
* * * LOW HITPOINT WARNING * * *
Natasha, Servant of Life and Death comes into view.
She is carrying a wand of random effects (14).
A magic dart appears from out of thin air!
The magic dart hits you!
You die...

#..[.......# #..........#
#..........# #.^........# #
#..........# .# #..........#
.># ###..........##..#
#.....@......#...#
###.##...####.....#
.#####...h..######.§##.##
##....##..##..##..§§§§....#
.#. ......# #.###§§§§§§....#
.#.###.#.. #.###.§§{§§....#
.........####.##...§§§§[...#
.........##...#..##§#§#......
......†...#.###.# #..........


You could see Natasha (wandering).

Vanquished Creatures
  3 dart slugs
  2 leopard geckos (D:1)
  4 goblins
  A hobgoblin (D:1)
  4 jackals (D:1)
  2 bats (D:1)
  3 kobolds (D:1)
  4 rats
23 creatures vanquished.

Notes
Turn   | Place    | Note
-------+----------+-------------------------------------------
     0 | D:1      | TheGoonsmith the Merfolk Gladiator began the quest for the
                  | Orb.
     0 | D:1      | Reached XP level 1. HP: 16/16 MP: 1/1
    94 | D:1      | Reached XP level 2. HP: 16/23 MP: 2/2
   258 | D:1      | Reached skill level 5 in Polearms
   530 | D:1      | Reached XP level 3. HP: 28/28 MP: 3/3
   665 | D:2      | Noticed Sigmund
   689 | D:2      | Noticed Natasha
   690 | D:2      | Killed from afar by Sigmund

Levels and vault maps discovered:
D:1:      lightli_arrival_statue_moat, layout_rooms, nrook_uturn,
          chequers_big_river, minmay_misc_feat_enclosed, serial_bayou_lake_a
D:2:      layout_rooms, uniq_natasha, uniq_sigmund, uniq_crazy_yiuf_cottage

Skill      XL: |  1  2 |
---------------+-------+-----
Polearms       | 5 |  5.4
Fighting       | |  2.7
Throwing       | |  2.0
Dodging        | |  4.4

Action                   || total
-------------------------++-------
Melee: Trident           ||    64
       Tailslap          ||     1
  Use: Scroll            ||     1
       Potion            ||     1
Armor: Leather armour    ||    11
Dodge: Dodged            ||    33

Table legend:
 A = Non-vault XP
 B = Vault XP
 C = Vault XP percentage of total XP
 D = Non-vault monster count
 E = Vault monster count
 F = Vault count percentage of total count
                 A         B        C        D         E       F
            +---------+---------+-------+---------+---------+-------
      Total |      45 |       0 |   0.0 |      23 |       0 |   0.0
            +---------+---------+-------+---------+---------+-------
        D:1 |      34 |       0 |   0.0 |      19 |       0 |   0.0
        D:2 |      11 |       0 |   0.0 |       4 |       0 |   0.0
            +---------+---------+-------+---------+---------+-------
